 Dungeon Crawl Stone Soup version 0.31-a0-702-gf82c85558f (webtiles) character file.

Game seed: 7776125977240153361

1826 qw the Skirmisher (level 9, -4/56 HPs)
             Began as a Gargoyle Hunter on Sept 8, 2023.
             Was a Follower of Okawaru.
             Slain by a gargoyle
             ... wielding a +0 morningstar
              (17 damage)
             ... on level 6 of the Dungeon.
             The game lasted 00:02:04 (4969 turns).

qw the Skirmisher (Gargoyle Hunter)                 Turns: 4969, Time: 00:02:04

Health: -4/56      AC: 21    Str: 15    XL:     9   Next: 11%
Magic:  10/11      EV: 14    Int: 10    God:    Okawaru [*.....]
Gold:   180        SH:  0    Dex: 17    Spells: 8/8 levels left

rFire   + . .        Y - +0 shortbow (drain)
rCold   . . .        (shield currently unavailable)
rNeg    + . .        i - +0 ring mail
rPois   inf          g - +2 helmet
rElec   +            (no cloak)
rCorr   .            (no gloves)
SInv    .            o - +0 pair of boots
Will    .....        (no amulet)
Stlth   +++          a - ring of protection from fire
HPRegen 0.29/turn    c - +4 ring of protection
MPRegen 0.12/turn

%: no passive effects
@: heroic
A: sickness immunity, AC +6, negative energy resistance 1, electricity
resistance, torment resistance 1, petrification resistance, screaming 1, wild
magic 1
a: Renounce Religion, Heroism


You were on level 6 of the Dungeon.
You worshipped Okawaru.
Okawaru was aware of your devotion.
You visited 2 branches of the dungeon, and saw 7 of its levels.

You collected 264 gold pieces.
You spent 84 gold pieces at shops.


Innate Abilities, Weirdness & Mutations

You are immune to sickness and miasma.
Your stone body is resilient. (AC +6)
You are immune to poison.
You resist negative energy. (rN+)
You are resistant to electric shocks. (rElec)
You are resistant to unholy torment.
You are immune to petrification.
You occasionally shout uncontrollably at your foes.
Your spells are a little harder to cast, but a little more powerful.


   Skills:
 - Level 6.7(11.7) Fighting
 + Level 9.5(14.5) Ranged Weapons
 - Level 2.9(7.9) Armour
 - Level 2.4(7.4) Dodging
 - Level 1.1(6.1) Stealth
 + Level 3.2 Invocations


You had 8 spell levels left.
You didn't know any spells.
Your spell library was empty.

Inventory:

Hand Weapons
 Y - a +0 shortbow of draining (weapon)
Armour
 g - a +2 helmet (worn)
 i - a +0 ring mail (worn)
 o - a +0 pair of boots (worn)
Jewellery
 a - a ring of protection from fire (left hand)
 c - a +4 ring of protection (right hand)
 q - a +6 ring of strength
 u - a ring of fire
Wands
 m - a wand of digging (5)
Scrolls
 f - a scroll of poison {unknown}
 l - a scroll of identify
 p - a scroll of enchant weapon {unknown}
 s - a scroll of enchant armour {unknown}
Potions
 b - a potion of might
 e - 2 potions of mutation
 h - a potion of magic {unknown}
 j - 5 potions of curing
 k - a potion of enlightenment
 n - a potion of haste {unknown}
 r - a potion of lignification {unknown}
 t - a potion of berserk rage {unknown}

Dungeon Overview and Level Annotations

Branches:
Dungeon (6/15)             Temple (1/1) D:5

Altars:
Ashenzari
Cheibriados
Dithmenos
Elyvilon
Gozag
Hepliaklqana
Makhleb
Okawaru
Qazlal
Ru
Sif Muna
Trog
Uskayaw
Wu Jian
Xom
Yredelemnul

Shops:
D:2 (   D:4 *

Annotations:
D:5 3 runed translucent doors, qw's ghost, amateur MiHs


Message History

The arrow hits the gargoyle but does no damage.
The gargoyle is moderately damaged.
The gargoyle hits you but does no damage.
You shoot an arrow.
The arrow hits the gargoyle but does no damage.
The gargoyle is moderately damaged.
The gargoyle hurls a stone arrow at you.
The stone arrow hits you!!
4960 ||| DRINKING potion of heal wounds.
You feel much better.
The gargoyle hits you but does no damage.
You shoot an arrow.
The arrow hits the gargoyle but does no damage.
The gargoyle is moderately damaged.
The gargoyle hits you with a +0 morningstar.
You shoot an arrow.
The arrow hits the gargoyle but does no damage.
The gargoyle is moderately damaged.
The gargoyle hurls a stone arrow at you.
The stone arrow hits you!
You shoot an arrow. The arrow closely misses the gargoyle.
You shoot an arrow. The arrow hits the gargoyle!
The gargoyle is heavily damaged.
The gargoyle misses you.
You shoot an arrow. The arrow hits the gargoyle.
The gargoyle is severely damaged.
The gargoyle hits you but does no damage.
You shoot an arrow.
The arrow hits the gargoyle but does no damage.
The gargoyle is severely damaged.
The gargoyle misses you.
You shoot an arrow. The arrow barely misses the gargoyle.
The gargoyle closely misses you.
You shoot an arrow. The arrow hits the gargoyle!
The gargoyle is almost destroyed.
You shoot an arrow.
The arrow hits the gargoyle but does no damage.
The gargoyle is almost destroyed.
The gargoyle hits you with a +0 morningstar!
You die...

#.# #. ..# #. ..######## #######.
.........# ########## #......#
..######.###........######.......
......##............<##..........
#####.##..##........#............
#####.##..##.########.#..........
..........#### #@#.#..#.........#
.####...#...#.Y9#.###.##########.
..##........#.####.#..# #....# #.
..##........# #.###.# #....# #.
...#.......## ##.#..###....# #.
.#.####.....# ##.#.##.....###.
............# ###.#..........
##.#.##.....# ..##.##.#....
.#....#.....# .###.#.......


You could see a yak and a gargoyle.

Vanquished Creatures
  Grinder (D:6)
  Sigmund (D:3)
  2 ice beasts
  2 sky beasts (D:6)
  An orc warrior (D:6)
  A black bear (D:6)
  2 ogres
  A kobold brigand (D:6)
  A bullfrog (D:6)
  3 hounds
  A jelly (D:5)
  4 iguanas (D:5)
  2 sleepcaps (D:5)
  Ijyb (D:4)
  Natasha (thrice) (D:2)
  3 gnolls (D:5)
  6 adders
  An ufetubus (D:5)
  3 worms
  2 dart slugs
  11 orcs
  8 ball pythons
  11 endoplasms
  16 giant cockroaches
  6 goblins
  6 hobgoblins
  4 jackals (D:1)
  A quokka (D:4)
  6 bats
  3 frilled lizards
  10 kobolds
  5 rats
128 creatures vanquished.

Notes
Turn   | Place    | Note
-------+----------+-------------------------------------------
     0 | D:1      | qw the Gargoyle Hunter began the quest for the Orb.
     0 | D:1      | Reached XP level 1. HP: 12/12 MP: 1/1
     0 | D:1      | 0 ||| qw: Version: 0.3-a-76-g4403597
     0 | D:1      | 0 ||| qw: Game counter: 1026
     0 | D:1      | 0 ||| qw: Melee chars always use a shield: true
     0 | D:1      | 0 ||| qw: God list: Okawaru
     0 | D:1      | 0 ||| qw: Allow faded altars: false
     0 | D:1      | 0 ||| qw: Do Orc after clearing Dungeon:15 true
     0 | D:1      | 0 ||| qw: Do second Lair branch before Depths: true
     0 | D:1      | 0 ||| qw: Lair rune preference: random
     0 | D:1      | 0 ||| qw: Goals: Normal
     0 | D:1      | 0 ||| PLANNING D:1-11
   126 | D:1      | Reached XP level 2. HP: 17/17 MP: 2/2
   476 | D:1      | Reached XP level 3. HP: 18/21 MP: 3/3
   587 | D:1      | Reached skill level 5 in Ranged Weapons
   803 | D:1      | 803 ||| UPGRADING to +2 helmet.
   808 | D:1      | 808 ||| UPGRADING to +0 ring mail.
   818 | D:1      | 818 ||| DROPPING +0 leather armour.
   819 | D:1      | 819 ||| READING 2 scrolls labelled DIFUITWUPRA.
   820 | D:1      | 820 ||| READING 3 scrolls labelled CUS AC VAM.
   821 | D:1      | 821 ||| READING 2 scrolls labelled ITAUHY NILAEF.
   822 | D:1      | 822 ||| DRINKING 3 bubbling emerald potions.
   822 | D:1      | Gained mutation: Potions are less effective at restoring
                  | your health. [potion of mutation]
   822 | D:1      | Gained mutation: You occasionally lose the ability to read
                  | scrolls when taking damage. [potion of mutation]
   823 | D:1      | 823 ||| DRINKING 2 potions of mutation.
   823 | D:1      | Lost mutation: Potions are less effective at restoring your
                  | health. [potion of mutation]
   823 | D:1      | Lost mutation: You occasionally lose the ability to read
                  | scrolls when taking damage. [potion of mutation]
   823 | D:1      | Gained mutation: You occasionally shout uncontrollably at
                  | your foes. [potion of mutation]
   823 | D:1      | Gained mutation: Your spells are a little harder to cast,
                  | but a little more powerful. [potion of mutation]
   824 | D:1      | 824 ||| DROPPING scroll of amnesia.
   825 | D:1      | 825 ||| DROPPING scroll of butterflies.
   826 | D:1      | 826 ||| DROPPING 2 scrolls of vulnerability.
   855 | D:2      | Reached skill level 1 in Armour
   995 | D:2      | Found Qieview's Antique Weapon Boutique.
  1023 | D:2      | Noticed Natasha
  1033 | D:2      | 1033 ||| Stepping ~*~*~tactically~*~*~ (retreating).
  1034 | D:2      | Killed Natasha
  1035 | D:2      | Reached skill level 3 in Fighting
  1035 | D:2      | Reached XP level 4. HP: 24/28 MP: 4/4
  1051 | D:2      | Found a stormy altar of Qazlal.
  1067 | D:2      | Noticed Natasha
  1075 | D:2      | Killed Natasha
  1087 | D:2      | Noticed Natasha
  1090 | D:2      | Killed Natasha
  1091 | D:2      | Reached XP level 5. HP: 29/32 MP: 5/5
  1403 | D:2      | 1403 ||| UPGRADING to ring of protection from fire.
  1404 | D:2      | 1404 ||| READING scroll labelled ASASEPHUBUH.
  1429 | D:2      | 1429 ||| READING scroll labelled TYIPEA UHIEHEPS.
  1430 | D:2      | 1430 ||| DRINKING 2 red potions.
  1431 | D:2      | 1431 ||| READING 2 scrolls of identify.
  1431 | D:2      | 1431 ||| IDENTIFYING fuming yellow potion
  1647 | D:3      | Reached skill level 6 in Ranged Weapons
  1724 | D:3      | Noticed Sigmund
  1736 | D:3      | Killed Sigmund
  1737 | D:3      | Reached XP level 6. HP: 36/40 MP: 6/6
  1879 | D:3      | You fall into a shaft and drop 2 floors!
  1879 | D:5      | Entered Level 5 of the Dungeon
  1899 | D:5      | Noticed an ice beast
  1901 | D:5      | 1901 ||| RETREATING.
  1916 | D:5      | Killed an ice beast
  1917 | D:5      | Reached XP level 7. HP: 39/44 MP: 7/7
  1929 | D:5      | Reached skill level 7 in Ranged Weapons
  2066 | D:5      | Found a staircase to the Ecumenical Temple.
  2067 | D:5      | 2067 ||| PLANNING TEMPLE
  2067 | D:5      | 2067 ||| UPGRADING to +0 pair of boots.
  2072 | D:5      | 2072 ||| READING scroll labelled FAXACYEN QUWN.
  2073 | D:5      | 2073 ||| DRINKING 2 metallic orange potions.
  2083 | D:5      | 2083 ||| DROPPING potion of ambrosia.
  2098 | Temple   | Entered the Ecumenical Temple
  2099 | Temple   | 2099 ||| PLANNING OKAWARU WORSHIP
  2104 | Temple   | Became a worshipper of Warmaster Okawaru
  2105 | Temple   | 2105 ||| PLANNING D:1-11
  2136 | D:5      | 2136 ||| UPGRADING to +4 ring of protection.
  2476 | D:3      | 2476 ||| READING scroll labelled WIELEU YRAO.
  2604 | D:4      | Found Ufugg's General Store.
  2625 | D:4      | 2625 ||| SHOPLISTING +2 pair of gloves of strength (301
                  | gold, have 185).
  2625 | D:4      | 2625 ||| BUYING 2 potions of curing (84 gold).
  2625 | D:4      | Bought 2 potions of curing for 84 gold pieces
  2625 | D:4      | 2625 ||| SHOPLISTING potion of cancellation (112 gold, have
                  | 101).
  2625 | D:4      | 2625 ||| SHOPLISTING potion of mutation (112 gold, have
                  | 101).
  3132 | D:4      | Found a burning altar of Makhleb.
  3211 | D:4      | Noticed Ijyb
  3231 | D:4      | HP: 10/44 [Ijyb/+0 dagger (4)]
  3233 | D:4      | Killed Ijyb
  3660 | D:4      | 3660 ||| DROPPING +2 hat.
  3742 | D:5      | Reached XP level 8. HP: 50/50 MP: 8/8
  3870 | D:5      | Noticed qw's ghost (amateur MiHs)
  3927 | D:5      | Found a runed translucent gate.
  3927 | D:5      | Found a runed translucent gate.
  3927 | D:5      | Found a runed translucent gate.
  4134 | D:5      | Reached skill level 8 in Ranged Weapons
  4267 | D:5      | 4267 ||| DROPPING ring of resist corrosion.
  4268 | D:5      | 4268 ||| READING scroll labelled VAETWI YFOTOIJ.
  4269 | D:5      | 4269 ||| READING 2 scrolls of identify.
  4269 | D:5      | 4269 ||| IDENTIFYING purple potion
  4452 | D:6      | Reached skill level 9 in Ranged Weapons
  4454 | D:6      | Reached * piety under Okawaru
  4464 | D:6      | Noticed Grinder
  4465 | D:6      | 4465 ||| INVOKING Heroism.
  4466 | D:6      | Paralysed by Grinder for 4 turns
  4482 | D:6      | Killed Grinder
  4483 | D:6      | Reached skill level 6 in Fighting
  4597 | D:6      | 4597 ||| INVOKING Heroism.
  4598 | D:6      | 4598 ||| INVOKING Heroism.
  4603 | D:6      | Reached skill level 1 in Invocations
  4802 | D:6      | 4802 ||| INVOKING Heroism.
  4805 | D:6      | Reached XP level 9. HP: 56/56 MP: 7/10
  4816 | D:6      | 4816 ||| INVOKING Heroism.
  4820 | D:6      | Reached skill level 3 in Invocations
  4949 | D:6      | Noticed a gargoyle
  4953 | D:6      | 4953 ||| INVOKING Heroism.
  4959 | D:6      | HP: 5/56 [gargoyle/stone arrow (21)]
  4960 | D:6      | 4960 ||| DRINKING potion of heal wounds.
  4969 | D:6      | Slain by a gargoyle

Levels and vault maps discovered:
D:1:      wander_arrival_desolate, layout_loops_corners, minmay_curled_crystal
D:2:      minmay_roachtagon, layout_basic, basic_altar, serial_shops,
          nicolae_shop_getting_attention, serial_bayou_lagoon_a, uniq_natasha
D:3:      layout_loops_ring, minmay_diced_spiral, uniq_sigmund
D:4:      layout_layer_cave, makhleb_heckhound_becter, serial_shops,
          nicolae_shop_tiny_statue_garden, uniq_ijyb
D:5:      layout_loops_ring, minmay_temple_entry_large_hall,
          gammafunk_ghost_icy, corner_web_ring
D:6:      layout_basic, minmay_stone_trees_small, minmay_small_thing,
          uniq_grinder
Temple:   hellmonk_temple_two_chambers

Skill      XL: |  1  2  3  4  5  6  7  8  9 |
---------------+----------------------------+-----
Ranged Weapons | 5 6 7 9 |  9.5
Armour         | 1 2 |  2.9
Fighting       | 3 5 6 |  6.7
Dodging        | 2 |  2.4
Invocations    | 2 3 |  3.2
Stealth        | |  1.1

Action                     |  1- 3 |  4- 6 |  7- 9 || total
---------------------------+-------+-------+-------++-------
   Fire: Shortbow          |   100 |   157 |   257 ||   514
 Invoke: Heroism           |       |       |     5 ||     5
    Use: Scroll            |     3 |     3 |     4 ||    10
         Potion            |     2 |     1 |     2 ||     5
 Armour: Leather armour    |    15 |       |       ||    15
         Ring mail         |    20 |    58 |   102 ||   180
  Dodge: Dodged            |    23 |    43 |    69 ||   135

Table legend:
 A = Non-vault XP
 B = Vault XP
 C = Vault XP percentage of total XP
 D = Non-vault monster count
 E = Vault monster count
 F = Vault count percentage of total count
                 A         B        C        D         E       F
            +---------+---------+-------+---------+---------+-------
      Total |    1927 |     682 |  26.1 |     109 |      19 |  14.8
            +---------+---------+-------+---------+---------+-------
        D:1 |      44 |       0 |   0.0 |      26 |       0 |   0.0
        D:2 |     120 |      54 |  31.0 |      18 |      10 |  35.7
        D:3 |      49 |     252 |  83.7 |      18 |       6 |  25.0
        D:4 |     133 |      81 |  37.9 |      10 |       2 |  16.7
        D:5 |     521 |       0 |   0.0 |      16 |       0 |   0.0
        D:6 |    1060 |     295 |  21.8 |      21 |       1 |   4.5
            +---------+---------+-------+---------+---------+-------
